 Dungeon Crawl Stone Soup version 0.27-a0-1200-g94dc6ad4cf (webtiles) character file.

Game seed: 13854718502822175618

94 senseless the Conjurer (level 4, -8/26 (33) HPs)
             Began as a Draconian Conjurer on June 1, 2021.
             Mangled by Terence
             ... wielding a +2 mace of draining
              (10 damage)
             ... on level 2 of the Dungeon.
             The game lasted 00:07:31 (2079 turns).

senseless the Conjurer (Draconian Conjurer)         Turns: 2079, Time: 00:07:33

HP:   -8/26 (33)    AC:  5    Str: 10    XL:     4   Next: 38%
MP:   0/8           EV: 12    Int: 19    God:
Gold: 36            SH:  0    Dex:  9    Spells: 5/8 levels left

rFire    . . .     SeeInvis .   b - +2 short sword (flame)
rCold    . . .     Faith    .   (no shield)
rNeg     . . .     Spirit   .   (armour unavailable)
rPois    .         Reflect  .   (helmet restricted)
rElec    .         Harm     .   (no cloak)
rCorr    .         Rampage  .   (no gloves)
Will     .....                  (no boots)
Stlth    ++........             (no amulet)
HPRegen  0.08/turn              (no ring)
MPRegen  0.11/turn              (no ring)

@: heavily drained
A: AC +5, unfitting armour, cold-blooded
a: no special abilities


You were on level 2 of the Dungeon.
You visited 1 branch of the dungeon, and saw 2 of its levels.

You collected 36 gold pieces.

Inventory:

Hand Weapons
 b - a +2 short sword of flaming (weapon)
Magical Staves
 a - a staff of conjuration
Scrolls
 c - a scroll of amnesia {unknown}
 d - 3 scrolls of identify {unknown}
 e - a scroll of teleportation {unknown}
Potions
 f - a potion of might {unknown}


   Skills:
 + Level 0.1 Fighting
 + Level 0.4 Short Blades
 + Level 0.1 Staves
 + Level 2.1 Dodging
 + Level 2.1 Stealth
 + Level 2.7 Spellcasting
 + Level 5.0 Conjurations


You had 5 spell levels left.
You knew the following spells:

 Your Spells              Type           Power      Damage    Failure   Level
a - Magic Dart            Conj           84%        1d7       1%          1
b - Searing Ray           Conj           42%        3d4       3%          2

Your spell library contained the following spells:

 Spells                   Type           Power      Damage    Failure   Level
 Dazzling Flash           Conj/Hex       24%        N/A       17%         3
 Fulminant Prism          Conj/Hex       6%         3d7       50%         4
 Iskenderun's Mystic Bla  Conj/Tloc      12%        2d5       50%         4


Dungeon Overview and Level Annotations

Branches:
Dungeon (2/15)

Altars:

Annotations:
D:2 Terence


Innate Abilities, Weirdness & Mutations

Your plain brown scales are hard. (AC +5)
You cannot fit into any form of body armour.
You are cold-blooded and may be slowed by cold attacks.


Message History

Aiming: Searing Ray (safe; 3% risk of failure)
Press: ? - help, Shift-Dir - straight line, f - endoplasm, p - Terence
Aim: an endoplasm (98% to hit)
You feel a surge of power!
The searing ray hits Terence.
Terence is almost dead.
The searing ray hits the endoplasm!
You kill the endoplasm! (Press . to maintain the ray.) Terence hits you with a +2 mace of draining.
You feel drained.
Without enough magic to sustain it, your searing ray dissipates.
Terence hits you with a +2 mace of draining!
You feel drained.
Your +2 short sword of flaming bursts into flame!
b - a +2 short sword of flaming (weapon)
Terence looks scornfully at you.
Terence hits you with a +2 mace of draining.
You feel drained.
You completely miss Terence.
Terence is almost dead.
Terence hits you but does no damage.
You feel drained.
You hit Terence but do no damage.
Your tail-slap misses Terence.
Terence is almost dead.
Terence hits you but does no damage.
You feel drained.
You hit Terence but do no damage.
Terence is almost dead.
Terence hits you with a +2 mace of draining!
* * * LOW HITPOINT WARNING * * *
You feel drained.
* * * LOW HITPOINT WARNING * * *
You are too injured to fight recklessly!
Casting: Searing Ray (safe; 3% risk of failure)
Confirm with . or Enter, or press ? or * to list all spells.
Aiming: Magic Dart (safe; 1% risk of failure)
Press: ? - help, Shift-Dir - straight line, f - Terence
Aim: Terence, wielding a +2 mace of draining and wearing a +0 chain mail (almost dead, 100% to hit)
The magic dart hits Terence but does no damage.
Terence is almost dead.
Terence hits you with a +2 mace of draining!
You die...

###########
######..........#
.....#..........#
.....#..........#
.....#.....>....########
................@@!.....
...w.#..........########
.....#..?.......#
.....#..........#
.....#..........#
w###########....## .##
###...# ### ..#
#.#.#.... #.# #.#...#


You could see Terence.

Vanquished Creatures
  2 adders (D:2)
  An ufetubus (D:2)
  A worm (D:2)
  4 dart slugs
  7 endoplasms
  2 giant cockroaches
  4 goblins
  4 hobgoblins
  11 jackals
  7 kobolds
  2 quokkas (D:2)
  A ball python (D:1)
  3 bats (D:1)
  3 rats (D:1)
52 creatures vanquished.

Notes
Turn   | Place    | Note
-------+----------+-------------------------------------------
     0 | D:1      | senseless the Draconian Conjurer began the quest for the
                  | Orb.
     0 | D:1      | Reached XP level 1. HP: 14/14 MP: 3/3
   228 | D:1      | Reached XP level 2. HP: 20/20 MP: 0/5
   231 | D:1      | Learned a level 2 spell: Searing Ray
   713 | D:1      | Reached XP level 3. HP: 23/26 MP: 2/6
   741 | D:1      | HP: 1/26 [kobold/+0 short sword (2)]
  1722 | D:2      | Reached XP level 4. HP: 20/33 MP: 0/7
  1970 | D:2      | Reached skill level 5 in Conjurations
  2065 | D:2      | Noticed Terence
  2079 | D:2      | Mangled by Terence

Illustrated notes

Levels and vault maps discovered:
D:1:      lemuel_arrival_tunnels, layout_rooms, minmay_pentomino_u2
D:2:      layout_rooms, uniq_terence

Skill      XL: |  1  2  3  4 |
---------------+-------------+-----
Stealth        | 2 |  2.1
Dodging        | 2 |  2.1
Conjurations   | 5 |  5.0
Fighting       | |  0.1
Short Blades   | |  0.4
Staves         | |  0.1
Spellcasting   | |  2.7

Action                   |  1- 3 |  4- 6 || total
-------------------------+-------+-------++-------
Melee: Whip              |     7 |       ||     7
       Unarmed           |     2 |       ||     2
       Dagger            |    62 |       ||    62
       Tailslap          |     6 |       ||     6
       Short sword       |     9 |     5 ||    14
       Staff             |     3 |       ||     3
 Cast: Magic Dart        |    74 |    15 ||    89
       Searing Ray       |       |     2 ||     2
  Use: Potion            |     1 |       ||     1
Armor: Skin              |    23 |     4 ||    27
Dodge: Dodged            |    49 |     3 ||    52

Table legend: (Time is in decaauts)
 A = Elapsed time spent in this place.
 B = Non-inter-level travel time spent in this place.
 C = Inter-level travel time spent in this place.
 D = Time resting spent in this place.
 E = Time spent auto-exploring this place.
 F = Levels seen in this place.
 G = Mean time per level.
                   A        B        C        D        E       F      G
               +--------+--------+--------+--------+--------+-----+--------+
         Total |   2058 |   2000 |     58 |    569 |   1118 |   2 | 1029.0 |
       Dungeon |   2058 |   2000 |     58 |    569 |   1118 |   2 | 1029.0 |
               +--------+--------+--------+--------+--------+-----+--------+

Top non-repeatable levels by time:
     D:1: 1476 daAuts
     D:2: 582 daAuts
